 Dungeon Crawl Stone Soup version 0.29.0-4-gdea44cf6ec (webtiles) character file.

Game seed: 16570964995096053971

114 qw the Chopper (level 4, -3/26 HPs)
             Began as a Tengu Warper on Aug 28, 2022.
             Killed by divine providence
             ... invoked by an orc priest
              (8 damage)
             ... on level 4 of the Dungeon.
             The game lasted 00:00:21 (4216 turns).

qw the Chopper (Tengu Warper)                       Turns: 4216, Time: 00:00:22

Health: -3/26      AC:  8    Str: 13    XL:     4   Next: 97%
Magic:  8/8        EV:  9    Int: 14    God:
Gold:   183        SH:  8    Dex: 13    Spells: 7/7 levels left

rFire   . . .      SeeInvis .   Y - +0 hand axe
rCold   . . .      Faith    .   e - +0 kite shield
rNeg    + . .      Spirit   .   j - +2 ring mail "Lalil" {rPois rN+ Stlth+}
rPois   +          Reflect  .   (helmet restricted)
rElec   .          Harm     .   o - +0 cloak
rCorr   .          Rampage  .   (no gloves)
Will    .....                   (boots unavailable)
Stlth   ++........              (no amulet)
HPRegen 0.08/turn               (no ring)
MPRegen 0.11/turn               (no ring)

@: about to teleport
A: beak, talons 3
a: no special abilities


You were on level 4 of the Dungeon.
You visited 1 branch of the dungeon, and saw 4 of its levels.

You collected 183 gold pieces.


Innate Abilities, Weirdness & Mutations

You have a beak for a mouth.
You have claws for feet.


   Skills:
 - Level 2.0 Fighting
 - Level 4.7 Axes
 - Level 1.0 Throwing
 - Level 1.1 Armour
 - Level 2.1 Dodging
 + Level 2.1 Shields
 - Level 2.0 Spellcasting
 - Level 2.4 Translocations


You had 7 spell levels left.
You didn't know any spells.
Your spell library contained the following spells:

 Spells                   Type           Power      Damage    Failure   Level
 Blink                    Tloc           16%        N/A       67%         2
 Gell's Gravitas          Tloc           8%         N/A       88%         3
 Lesser Beckoning         Tloc           8%         N/A       88%         3
 Teleport Other           Tloc           8%         N/A       88%         3
 Manifold Assault         Tloc           8%         N/A       100%        5

Inventory:

Hand Weapons
 k - a +0 whip
 Y - a +0 hand axe (weapon)
Armour
 c - a +2 ring mail of fire resistance
 e - a +0 kite shield (worn)
 j - the +2 ring mail "Lalil" (worn) {rPois rN+ Stlth+}
   (You found it on level 2 of the Dungeon)

   rPois:     It protects you from poison.
   rN:        It protects you from negative energy.
   Stlth:     It makes you more stealthy.
 o - a +0 cloak (worn)
Scrolls
 a - a scroll of identify
Potions
 d - a potion of cancellation
 g - a potion of heal wounds {unknown}
 h - a potion of berserk rage {unknown}
 l - a potion of attraction {unknown}
 m - a potion of curing {unknown}
 n - a potion of brilliance {unknown}

Dungeon Overview and Level Annotations

Branches:
Dungeon (4/15)
 Temple: D:4-7

Altars:
Vehumet

Annotations:
D:2 1 runed translucent door, Crazy Yiuf
D:4 Dowan, Duvessa


Message History

Found a ring mail.
Found an escape hatch in the ceiling.
There is a stone staircase leading up here.
There are monsters nearby!
Existing waypoints: (1) D:2 (2) D:3 Assign waypoint to what number? (0-9, D - delete waypoint) Waypoint 1 re-assigned from D:2 to D:4.
Found a ring mail.
Dowan gestures at you while chanting. The puff of flame hits you.
You miss Dowan. You claw Dowan, but do no damage.
An orc comes into view. It is wielding a +0 club.
You block Dowan's attack.
You closely miss Duvessa. You hit Dowan but do no damage.
Dowan whispers, "It won't be long now."
Dowan closely misses you. Duvessa hits you but does no damage.
You hit Duvessa but do no damage. You miss Dowan.
Duvessa hits you with a +0 short sword. Dowan misses you.
You hit Duvessa but do no damage. You hit Dowan.
Duvessa hits you with a +0 short sword. Dowan barely misses you.
You hit Dowan.
Dowan is moderately wounded.
You hit Duvessa but do no damage.
An orc priest comes into view. It is wielding a +0 whip.
Duvessa hits you but does no damage.
Dowan casts a spell.
Dowan blinks!
An orc comes into view. It is wielding a +0 hand axe.
Duvessa hits you with a +0 short sword.
You hit Duvessa but do no damage.
An orc comes into view. It is wielding a +0 club.
Dowan casts a spell.
Dowan blinks!
Duvessa hits you with a +0 short sword.
4216 ||| READING scroll of teleportation.
As you read the scroll of teleportation, it crumbles to dust.
You feel strangely unstable. The orc hits you but does no damage.
The orc priest calls down the wrath of Beogh upon you.
Beogh smites you!
You die...

#...... #...#o#
#...ooe #.....#
<.ยค...
#####...# ###
......oe###.....
#..@<......#
#..###.###.# #.[
# .... .##.# #
#. #. #.


You could see Duvessa, Dowan, an orc priest and 3 orcs.

Vanquished Creatures
  2 adders
  3 worms
  2 dart slugs (D:1)
  10 orcs (D:3)
  3 bats (D:3)
  7 endoplasms
  A giant cockroach (D:1)
  9 hobgoblins
  2 jackals (D:2)
  2 quokkas
  2 ball pythons
  4 frilled lizards
  6 goblins
  7 kobolds
  8 rats
68 creatures vanquished.

Notes
Turn   | Place    | Note
-------+----------+-------------------------------------------
     0 | D:1      | qw the Tengu Warper began the quest for the Orb.
     0 | D:1      | Reached XP level 1. HP: 12/12 MP: 4/4
     0 | D:1      | 0 ||| qw: Version: 0.1-a-89-g26bdef1
     0 | D:1      | 0 ||| qw: Game counter: 192
     0 | D:1      | 0 ||| qw: Always use a shield: true
     0 | D:1      | 0 ||| qw: God list: Okawaru
     0 | D:1      | 0 ||| qw: Allow faded altars: false
     0 | D:1      | 0 ||| qw: Do Orc after D:15 true
     0 | D:1      | 0 ||| qw: Do second Lair branch before Depths: true
     0 | D:1      | 0 ||| qw: Lair rune preference: random
     0 | D:1      | 0 ||| qw: Plans: Normal
     0 | D:1      | 0 ||| PLANNING D:1-11
    45 | D:1      | Found a faded altar of an unknown god.
   294 | D:1      | 294 ||| Stepping ~*~*~tactically~*~*~ (hiding).
   396 | D:1      | 396 ||| Stepping ~*~*~tactically~*~*~ (hiding).
   405 | D:1      | Reached skill level 3 in Axes
   405 | D:1      | Reached XP level 2. HP: 10/17 MP: 6/6
   949 | D:1      | 949 ||| Stepping ~*~*~tactically~*~*~ (stealth).
  1176 | D:1      | 1176 ||| DROPPING +0 club.
  1191 | D:1      | Reached XP level 3. HP: 21/21 MP: 7/7
  1375 | D:1      | 1375 ||| Stepping ~*~*~tactically~*~*~ (stealth).
  1471 | D:1      | Reached skill level 4 in Axes
  1557 | D:1      | 1557 ||| READING scroll labelled RYEPPO VOXYOF.
  1558 | D:1      | 1558 ||| READING 2 scrolls labelled CUDGHE DEKU.
  1563 | D:1      | 1563 ||| READING scroll labelled SUUSMIE FOGH.
  1564 | D:1      | 1564 ||| READING scroll labelled QIR QELIUBEI.
  1565 | D:1      | 1565 ||| DROPPING scroll of blinking.
  1679 | D:2      | 1679 ||| Stepping ~*~*~tactically~*~*~ (stealth).
  1680 | D:2      | 1680 ||| Stepping ~*~*~tactically~*~*~ (stealth).
  1705 | D:2      | 1705 ||| Stepping ~*~*~tactically~*~*~ (stealth).
  1736 | D:2      | 1736 ||| Stepping ~*~*~tactically~*~*~ (stealth).
  1737 | D:2      | 1737 ||| Stepping ~*~*~tactically~*~*~ (stealth).
  2083 | D:2      | 2083 ||| Stepping ~*~*~tactically~*~*~ (stealth).
  2085 | D:2      | 2085 ||| Stepping ~*~*~tactically~*~*~ (stealth).
  2096 | D:2      | 2096 ||| Stepping ~*~*~tactically~*~*~ (stealth).
  2116 | D:2      | 2116 ||| Stepping ~*~*~tactically~*~*~ (stealth).
  2117 | D:2      | 2117 ||| Stepping ~*~*~tactically~*~*~ (stealth).
  2267 | D:2      | 2267 ||| Stepping ~*~*~tactically~*~*~ (stealth).
  2558 | D:2      | Found a runed translucent door.
  2559 | D:2      | Noticed Crazy Yiuf
  2775 | D:2      | Identified the +2 ring mail "Lalil" {rPois rN+ Stlth+}
  2814 | D:2      | Reached XP level 4. HP: 26/26 MP: 8/8
  2932 | D:2      | 2932 ||| UPGRADING to +0 kite shield.
  2937 | D:2      | 2937 ||| UPGRADING to +2 ring mail "Lalil" {rPois rN+
                  | Stlth+}.
  2947 | D:2      | 2947 ||| DROPPING +0 leather armour.
  2948 | D:2      | 2948 ||| READING scroll labelled VISOEFAIMPA.
  2949 | D:2      | 2949 ||| READING scroll labelled ZUATHRIAFIH.
  2950 | D:2      | 2950 ||| DRINKING 2 ruby potions.
  2951 | D:2      | 2951 ||| READING 2 scrolls of identify.
  2951 | D:2      | 2951 ||| IDENTIFYING orange potion
  2952 | D:2      | 2952 ||| DROPPING potion of degeneration.
  3005 | D:3      | 3005 ||| Stepping ~*~*~tactically~*~*~ (stealth).
  3006 | D:3      | 3006 ||| Stepping ~*~*~tactically~*~*~ (stealth).
  3010 | D:3      | 3010 ||| Stepping ~*~*~tactically~*~*~ (stealth).
  3032 | D:3      | 3032 ||| FLEEEEING.
  3033 | D:3      | 3033 ||| FLEEEEING.
  3036 | D:3      | 3036 ||| FLEEEEING.
  3037 | D:3      | 3037 ||| FLEEEEING.
  3200 | D:3      | Found a radiant altar of Vehumet.
  3206 | D:3      | 3206 ||| Stepping ~*~*~tactically~*~*~ (stealth).
  3222 | D:3      | Reached skill level 1 in Shields
  3300 | D:3      | 3300 ||| Stepping ~*~*~tactically~*~*~ (hiding).
  3402 | D:3      | 3402 ||| Stepping ~*~*~tactically~*~*~ (stealth).
  3404 | D:3      | 3404 ||| Stepping ~*~*~tactically~*~*~ (stealth).
  3406 | D:3      | 3406 ||| Stepping ~*~*~tactically~*~*~ (stealth).
  3439 | D:3      | 3439 ||| FLEEEEING.
  3440 | D:3      | 3440 ||| FLEEEEING.
  3441 | D:3      | 3441 ||| FLEEEEING.
  3442 | D:3      | 3442 ||| FLEEEEING.
  3443 | D:3      | 3443 ||| FLEEEEING.
  3444 | D:3      | 3444 ||| FLEEEEING.
  3445 | D:3      | 3445 ||| FLEEEEING.
  3446 | D:3      | 3446 ||| FLEEEEING.
  3447 | D:3      | 3447 ||| FLEEEEING.
  3449 | D:3      | 3449 ||| FLEEEEING.
  3450 | D:3      | 3450 ||| FLEEEEING.
  3668 | D:3      | 3668 ||| Stepping ~*~*~tactically~*~*~ (stealth).
  4111 | D:3      | 4111 ||| UPGRADING to +0 cloak.
  4116 | D:3      | 4116 ||| READING scroll labelled EFALEA JUMN.
  4117 | D:3      | 4117 ||| READING scroll labelled ICEXISM BIFF.
  4208 | D:4      | Noticed Duvessa
  4208 | D:4      | Noticed Dowan
  4215 | D:4      | HP: 5/26 [Duvessa/+0 short sword (4)]
  4216 | D:4      | 4216 ||| READING scroll of teleportation.
  4216 | D:4      | Killed from afar by an orc priest

Levels and vault maps discovered:
D:1:      dpeg_arrival_houses_and_road, layout_loops_ring,
          basic_ecumenical_altar, minmay_tall_x
D:2:      layout_basic, minmay_misc_feat_plants, uniq_crazy_yiuf_cottage
D:3:      layout_basic, mainiacjoe_overflow_concentric_impassable
D:4:      layout_loops_ring, mainiacjoe_overflow_paths,
          minmay_temple_entry_arrows, uniq_duvessa

Skill      XL: |  1  2  3  4 |
---------------+-------------+-----
Axes           | 3 4 |  4.7
Shields        | 2 |  2.1
Fighting       | |  2.0
Throwing       | |  1.0
Armour         | |  1.1
Dodging        | |  2.1
Spellcasting   | |  2.0
Translocations | |  2.4

Action                   |  1- 3 |  4- 6 || total
-------------------------+-------+-------++-------
Melee: Hand axe          |   104 |    91 ||   195
       Kick              |    22 |    21 ||    43
       Peck              |    11 |    10 ||    21
       Punch             |     1 |       ||     1
Throw: Boomerang         |     7 |     3 ||    10
  Use: Scroll            |     4 |     6 ||    10
       Potion            |       |     1 ||     1
Armor: Leather armour    |    12 |       ||    12
       Ring mail         |       |    31 ||    31
Dodge: Dodged            |    37 |    24 ||    61
Block: Kite shield       |       |    39 ||    39

Table legend:
 A = Non-vault XP
 B = Vault XP
 C = Vault XP percentage of total XP
 D = Non-vault monster count
 E = Vault monster count
 F = Vault count percentage of total count
                 A         B        C        D         E       F
            +---------+---------+-------+---------+---------+-------
      Total |     156 |       7 |   4.3 |      64 |       4 |   5.9
            +---------+---------+-------+---------+---------+-------
        D:1 |      40 |       7 |  14.9 |      22 |       4 |  15.4
        D:2 |      47 |       0 |   0.0 |      18 |       0 |   0.0
        D:3 |      69 |       0 |   0.0 |      24 |       0 |   0.0
            +---------+---------+-------+---------+---------+-------
